 Dungeon Crawl Stone Soup version 0.23.2-40-g277498a (webtiles) character file.

Game seed: 5794052829191281780

74 imsomguy the Skirmisher (level 4, -3/37 HPs)
             Began as a Demonspawn Abyssal Knight on Oct 1, 2019.
             Was a Believer of Lugonu.
             Slain by Sigmund
             ... wielding a +0 scythe
              (12 damage)
             ... on level 2 of the Dungeon.
             The game lasted 00:08:18 (1594 turns).

imsomguy the Skirmisher (Demonspawn Abyssal Knight) Turns: 1594, Time: 00:08:19

Health: -3/37      AC:  3    Str: 13    XL:     4   Next: 9%
Magic:  5/5        EV: 11    Int: 13    God:    Lugonu [**....]
Gold:   123        SH:  0    Dex: 13    Spells: 3/3 levels left

rFire    . . .     SeeInvis .   a - +1 spear
rCold    . . .     Gourm    .   (no shield)
rNeg     . . .     Faith    .   b - +0 leather armour
rPois    .         Spirit   .   (no helmet)
rElec    .         Reflect  .   (no cloak)
rCorr    .         Harm     .   (no gloves)
MR       .....                  (no boots)
Stlth    ..........             (no amulet)
HPRegen  0.12/turn              (no ring)
MPRegen  0.09/turn              (no ring)

@: confused
A: hooves 2
a: Depart the Abyss, Bend Space, Renounce Religion


You were on level 2 of the Dungeon.
You worshipped Lugonu.
Lugonu was pleased with you.
You were not hungry.

You visited 1 branch of the dungeon, and saw 3 of its levels.
You visited the Abyss 1 time.

You collected 123 gold pieces.

Inventory:

Hand Weapons
 a - a +1 spear (weapon)
Armour
 b - a +0 leather armour (worn)
Jewellery
 d - an uncursed ring of positive energy {unknown}
 e - an uncursed ring of magical power {unknown}
 n - a cursed amulet of inaccuracy {unknown}
 o - an uncursed amulet of the acrobat {unknown}
Wands
 m - a wand of disintegration (11)
Scrolls
 f - 4 scrolls of identify {unknown}
 h - a scroll of enchant armour {unknown}
 i - a scroll of teleportation {unknown}
 j - a scroll of immolation {unknown}
 l - 2 scrolls of remove curse {unknown}
Potions
 g - a potion of haste {unknown}
 k - 3 potions of curing {unknown}
 p - a potion of heal wounds {unknown}
Comestibles
 c - 2 rations


   Skills:
 + Level 4.0 Fighting
 + Level 3.0 Polearms
 - Level 1.9 Armour
 - Level 0.8 Dodging
 - Level 2.4 Invocations


You had 3 spell levels left.
You didn't know any spells.
Your spell library was empty.

Dungeon Overview and Level Annotations

Branches:
Dungeon (3/15)

Altars:
Cheibriados
Xom

Annotations:
D:2 Sigmund


Innate Abilities, Weirdness & Mutations

You have hoof-like feet.


Message History

You hit Sigmund. You kick Sigmund.
Sigmund is moderately wounded.
Sigmund gestures at you while chanting.
You are confused.
You bump into the rock wall.
Sigmund misses you.
You bump into the rock wall.
Sigmund hits you with a +0 scythe.
You closely miss Sigmund.
Sigmund is moderately wounded.
You bump into the rock wall.
Sigmund hits you but does no damage.
You bump into the rock wall.
Sigmund casts a spell at you.
You are more confused.
You bump into the rock wall.
Sigmund gestures wildly while chanting.
Sigmund flickers and vanishes!
Deactivating autopickup; reactivate with Ctrl-A.
You bump into the rock wall.
Something hits you!
* * * LOW HITPOINT WARNING * * *
You bump into the rock wall.
Something hits you!
You die...

#### #..# #..# #..#
##..######### #####
#...@.{l.....
#...#########..##########
...............#
##..8..######.## #.8_8.#
#.# #..8..# ####.#
#.....# #....#
##..#####.#### ##.......#


You could see a frilled lizard.

Vanquished Creatures
  An ooze (D:2)
  A worm (D:2)
  3 dart slugs (D:1)
  2 leopard geckos (D:1)
  6 bats
  6 giant cockroaches
  2 goblins
  11 hobgoblins
  7 jackals
  4 kobolds
  A quokka (D:3)
  2 frilled lizards
  4 rats
50 creatures vanquished.

Notes
Turn   | Place    | Note
-------+----------+-------------------------------------------
     0 | Abyss:1  | imsomguy the Demonspawn Abyssal Knight began the quest for
                  | the Orb.
     0 | Abyss:1  | Reached XP level 1. HP: 18/18 MP: 2/2
    50 | Abyss:1  | Found a corrupted altar of Lugonu.
    73 | D:1      | Escaped the Abyss
   345 | D:1      | Gained mutation: You have large cloven feet. [demonic
                  | ancestry]
   345 | D:1      | Reached XP level 2. HP: 23/24 MP: 3/3
   481 | D:1      | Reached ** piety under Lugonu
   689 | D:1      | Gained mutation: You have hoof-like feet. [demonic
                  | ancestry]
   689 | D:1      | Reached XP level 3. HP: 29/29 MP: 4/4
   921 | D:2      | You fall through a shaft!
   939 | D:3      | Found a snail-covered altar of Cheibriados.
  1079 | D:3      | Found a shimmering altar of Xom.
  1240 | D:2      | Reached skill level 4 in Fighting
  1258 | D:2      | Reached XP level 4. HP: 7/37 MP: 5/5
  1553 | D:2      | Found a faded altar of an unknown god.
  1580 | D:2      | Noticed Sigmund
  1594 | D:2      | Slain by Sigmund

Skill      XL: |  1  2  3 |
---------------+----------+-----
Polearms       | 2 3 |  3.0
Fighting       | 4 |  4.0
Armour         | |  1.9
Dodging        | |  0.8
Invocations    | |  2.4

Action                   |  1- 3 |  4- 6 || total
-------------------------+-------+-------++-------
Melee: Spear             |   154 |     6 ||   160
       Kick              |    23 |     4 ||    27
  Eat: Chunk             |     1 |     1 ||     2
Armor: Leather armour    |    34 |     2 ||    36
Dodge: Dodged            |    70 |     1 ||    71
